 Dungeon Sprint DCSS version 0.28.0-53-g5a82cb258f (webtiles) character file.

Game seed: 9037379307228551227

1770 Zeld the Fighter (level 8, 0/133 HPs)
             Began as a Minotaur Berserker on June 10, 2022.
             Was a High Priest of Trog.
             Slain by a vampire mosquito (5 damage)
             ... in the Dungeon (Sprint IX: "|||||||||||||||||||||||||||||").
             The game lasted 00:00:59 (714 turns).

Zeld the Fighter (Minotaur Berserker)                Turns: 714, Time: 00:01:00

Health: 0/133      AC:  5    Str: 24    XL:     8   Next: 80%
Magic:  7/7        EV: 15    Int:  4    God:    Trog [*****.]
Gold:   0          SH:  0    Dex: 10    Spells: 7/7 levels left

rFire   . . .      SeeInvis .   a - +1 broad axe (vorpal)
rCold   . . .      Faith    .   (no shield)
rNeg    . . .      Spirit   .   b - +0 animal skin
rPois   .          Reflect  .   (helmet restricted)
rElec   .          Harm     .   q - +0 cloak
rCorr   .          Rampage  .   (no gloves)
Will    .....      NoTele   +   k - +0 pair of boots
Stlth   ..........              (no amulet)
HPRegen 0.32/turn               (no ring)
MPRegen 0.10/turn               (no ring)

@: berserking (expiring), very quick
A: horns 2, retaliatory headbutt
a: Renounce Religion, Berserk, Trog's Hand, Brothers in Arms


You were in the Dungeon.
You worshipped Trog.
Trog was extremely pleased with you.
You visited 1 branch

Inventory:

Hand Weapons
 a - a +1 vorpal broad axe (weapon)
Armour
 b - a +0 animal skin (worn)
 k - a +0 pair of boots (worn)
 q - a +0 cloak (worn)
Wands
 j - a wand of iceblast (10)
Scrolls
 h - a scroll of blinking
Potions
 c - 4 potions of curing
 d - 3 potions of heal wounds
 e - a potion of haste
 f - 4 potions of magic
 g - a potion of berserk rage
 i - a potion of invisibility


   Skills:
 * Level 14.1 Fighting
 * Level 13.9 Axes
 + Level 10.1 Armour
 + Level 9.2 Dodging


You had 7 spell levels left.
You didn't know any spells.
Your spell library was empty.

Dungeon Overview and Level Annotations

Branches:
Dungeon (1/1)

Altars:
Cheibriados
Dithmenos
Elyvilon
Fedhas
Gozag
Hepliaklqana
Kikubaaqudgha
Makhleb
Nemelex Xobeh
Okawaru
Qazlal
Ru
Sif Muna
Trog
Uskayaw
Vehumet
Wu Jian
Xom
Yredelemnul
Zin
The Shining One
Beogh
Jiyva
Lugonu


Innate Abilities, Weirdness & Mutations

You have a pair of horns on your head.
You reflexively headbutt those who attack you in melee.


Message History

You slash the two-headed ogre! The boulder beetle barely misses you.
The boulder beetle stops rolling and uncurls.
You barely miss the two-headed ogre.
The two-headed ogre is moderately wounded.
You barely miss the boulder beetle. The two-headed ogre barely misses you.
The two-headed ogre hits you with a +0 giant club!!
You hit the two-headed ogre.
Your headbutt misses the two-headed ogre.
The two-headed ogre is moderately wounded.
You slash the boulder beetle! The boulder beetle bites you!!
* * * LOW HITPOINT WARNING * * *
Unknown command.
You slice the two-headed ogre!!
You kill the two-headed ogre!
Trog accepts your kill.
You slash the boulder beetle! The boulder beetle bites you.
* * * LOW HITPOINT WARNING * * *
Your Fighting skill increases to level 13!
Your Axes skill increases to level 13!
Your Armour skill increases to level 9!
You have reached level 8!
You feel agile.
You hit the boulder beetle but do no damage.
You headbutt the boulder beetle, but do no damage.
The boulder beetle is heavily wounded.
You slash the cane toad! The cane toad stings you!
* * * LOW HITPOINT WARNING * * *
Unknown command.
You slice the cane toad!!
You kill the cane toad!
Trog accepts your kill.
Trog will now gift you melee weapons as you gain piety.
You hit the boulder beetle. The boulder beetle bites you!!
* * * LOW HITPOINT WARNING * * *
Your Fighting skill increases to level 14!
Your Armour skill increases to level 10!
Your Dodging skill increases to level 9!
Unknown command.
You barely miss the vampire mosquito. You slash the boulder beetle!
The vampire mosquito bites you.
You die...

▓'▓
▓.▓
▓.▓
▓.▓
▓.▓
▓.▓
▓.▓
▓B▓
▓@▓
▓y▓
▓.▓
▓H▓
▓.▓
▓.▓
▓+▓


You could see a boulder beetle, a manticore and a vampire mosquito.

Vanquished Creatures
  A two-headed ogre (D)
  A cane toad (shapeshifter) (D)
  An unseen horror (D)
  A troll (shapeshifter) (D)
  A vampire mosquito (D)
  An ice beast (D)
  A phantom (D)
  An orc priest (D)
  A jelly (D)
  An adder skeleton (D)
  2 bats (D)
  2 endoplasms (D)
  A goblin (D)
15 creatures vanquished.

Vanquished Creatures (collateral kills)
  An acid dragon (D)
  An orc wizard (D)
  A bat zombie (D)
3 creatures vanquished.

Vanquished Creatures (others)
  An orc wizard (D)
1 creature vanquished.

Grand Total: 19 creatures vanquished

Notes
Turn   | Place    | Note
-------+----------+-------------------------------------------
     0 | D        | Zeld the Minotaur Berserker began the quest for the Orb.
     0 | D        | Reached XP level 1. HP: 19/19 MP: 0/0
     8 | D        | Reached skill level 4 in Fighting
    12 | D        | Reached ** piety under Trog
   151 | D        | Noticed a jelly
   151 | D        | Noticed an ice beast
   151 | D        | Noticed a phantom
   151 | D        | Noticed an orc priest
   154 | D        | Killed a jelly
   155 | D        | Reached skill level 5 in Fighting
   155 | D        | Reached skill level 5 in Axes
   155 | D        | Reached XP level 2. HP: 26/30 MP: 1/1
   155 | D        | Reached XP level 3. HP: 32/37 MP: 2/2
   157 | D        | Killed an ice beast
   157 | D        | Reached *** piety under Trog
   158 | D        | Reached skill level 7 in Fighting
   158 | D        | Reached skill level 5 in Armour
   158 | D        | Reached XP level 4. HP: 23/48 MP: 3/3
   162 | D        | Killed a phantom
   163 | D        | Reached skill level 8 in Fighting
   163 | D        | Reached skill level 5 in Dodging
   163 | D        | Reached XP level 5. HP: 23/56 MP: 4/4
   169 | D        | Reached skill level 9 in Fighting
   199 | D        | Found a snail-covered altar of Cheibriados.
   199 | D        | Found a shadowy altar of Dithmenos.
   199 | D        | Found a white marble altar of Elyvilon.
   199 | D        | Found a blossoming altar of Fedhas.
   199 | D        | Found an opulent altar of Gozag.
   200 | D        | Found a hazy altar of Hepliaklqana.
   201 | D        | Found a viscous altar of Jiyva.
   207 | D        | Found an ancient bone altar of Kikubaaqudgha.
   208 | D        | Found a corrupted altar of Lugonu.
   243 | D        | Found a burning altar of Makhleb.
   247 | D        | Found a sparkling altar of Nemelex Xobeh.
   248 | D        | Found an iron altar of Okawaru.
   336 | D        | Found a stormy altar of Qazlal.
   368 | D        | Found a sacrificial altar of Ru.
   369 | D        | Found a shimmering blue altar of Sif Muna.
   370 | D        | Found a bloodstained altar of Trog.
   371 | D        | Found a hide-covered altar of Uskayaw.
   372 | D        | Found a radiant altar of Vehumet.
   373 | D        | Found an ornate altar of the Wu Jian Council.
   374 | D        | Found a shimmering altar of Xom.
   375 | D        | Found a basalt altar of Yredelemnul.
   376 | D        | Found a glowing silver altar of Zin.
   377 | D        | Found a glowing golden altar of the Shining One.
   422 | D        | Noticed a vampire mosquito
   422 | D        | Noticed an acid dragon
   427 | D        | Killed a vampire mosquito
   427 | D        | Reached **** piety under Trog
   428 | D        | Reached skill level 10 in Fighting
   428 | D        | Reached skill level 10 in Axes
   428 | D        | Reached XP level 6. HP: 62/66 MP: 5/5
   437 | D        | Killed an unseen horror
   438 | D        | Reached skill level 11 in Fighting
   438 | D        | Reached XP level 7. HP: 13/74 MP: 6/6
   701 | D        | Noticed a boulder beetle
   701 | D        | Noticed a troll
   701 | D        | Noticed a two-headed ogre
   701 | D        | Noticed a polar bear
   701 | D        | Noticed a vampire mosquito
   701 | D        | Noticed a manticore
   702 | D        | Noticed a cane toad
   702 | D        | a polar bear changed into a cane toad
   706 | D        | Killed a troll
   707 | D        | Reached skill level 12 in Fighting
   711 | D        | Killed a two-headed ogre
   712 | D        | Reached skill level 13 in Fighting
   712 | D        | Reached XP level 8. HP: 34/86 MP: 7/7
   713 | D        | Killed a cane toad
   713 | D        | Reached ***** piety under Trog
   713 | D        | HP: 5/129 [boulder beetle (18)]
   714 | D        | Reached skill level 14 in Fighting
   714 | D        | Reached skill level 10 in Armour
   714 | D        | Slain by a vampire mosquito

Illustrated notes

Levels and vault maps discovered:
D:        linesprint [early_d, line_temple, items_1, d_10, items_2, lair_1,
          lair_end, items_3, orc_1, orc_end, items_4, d_15, swamp_1, shoals_1,
          snake_1, spider_1, d_20, vaults_1, items_5, swamp_end, shoals_end,
          snake_end, spider_end, vaults_end, d_27, items_6, zot_1, zot_end,
          crypt_end, forest_end, elf_end, slime_end, tomb_end, abyss_end,
          pan_hell_end]

Skill      XL: |  1  2  3  4  5  6  7  8 |
---------------+-------------------------+-----
Fighting       | 5 7 8 10 11 13 14 | 14.1
Axes           | 5 7 8 10 11 13 | 13.9
Armour         | 3 5 6 7 9 10 | 10.1
Dodging        | 3 4 5 6 7 8 9 |  9.2

Action                   |  1- 3 |  4- 6 |  7- 9 || total
-------------------------+-------+-------+-------++-------
Melee: Hand axe          |    15 |     8 |       ||    23
       Headbutt          |     4 |     4 |     2 ||    10
       Punch             |     1 |     1 |       ||     2
       Broad axe         |       |    14 |    12 ||    26
Invok: Berserk           |     1 |     1 |     1 ||     3
       Brothers in Arms  |       |       |     1 ||     1
  Use: Scroll            |       |       |     1 ||     1
       Potion            |       |       |     1 ||     1
Armor: Animal skin       |     3 |     2 |     1 ||     6
Dodge: Dodged            |     7 |     8 |     6 ||    21
